 Dungeon Crawl Stone Soup version 0.23.1-37-gaa34b87b72 (webtiles) character file.

Game seed: 5648870783604744935

165 MisterOstroum the Charlatan (level 5, -2/25 HPs)
             Began as a Spriggan Artificer on Mar 22, 2019.
             Was an Initiate of Gozag.
             Slain by an orc wizard
             ... wielding a +0 dagger
              (3 damage)
             ... on level 4 of the Dungeon.
             The game lasted 00:21:19 (3238 turns).

MisterOstroum the Charlatan (Spriggan Artificer)    Turns: 3238, Time: 00:21:19

Health: -2/25      AC:  2    Str:  9    XL:     5   Next: 22%
Magic:  10/10      EV: 18    Int: 12    God:    Gozag
Gold:   83         SH:  0    Dex: 17    Spells: 4/4 levels left

rFire    . . .     SeeInvis +   a - +0 short sword
rCold    . . .     Gourm    .   (shield restricted)
rNeg     . . .     Faith    .   b - +0 robe
rPois    .         Spirit   .   (helmet restricted)
rElec    .         Reflect  .   (no cloak)
rCorr    .         Harm     .   (gloves unavailable)
MR       .....                  (boots unavailable)
Stlth    ++........             (no amulet)
HPRegen  0.08/turn              (no ring)
MPRegen  0.12/turn              (no ring)

@: very quick
A: very small, unfitting armour, see invisible, herbivore, speed 3, slow
metabolism 2
a: Potion Petition, Call Merchant, Bribe Branch, Renounce Religion


You were on level 4 of the Dungeon.
You worshipped Gozag.
Gozag was noncommittal.
You were not hungry.

You visited 1 branch of the dungeon, and saw 4 of its levels.

You collected 130 gold pieces.
You paid 47 gold pieces to Gozag.

Inventory:

Hand Weapons
 a - a +0 short sword (weapon)
 k - a +0 hand axe of chopping
 u - a +0 hunting sling
Missiles
 j - 92 stones
 o - 7 tomahawks (quivered)
 q - a throwing net
 v - 14 sling bullets
Armour
 b - a +0 robe (worn)
Magical Staves
 t - an uncursed staff of fire
Wands
 c - a wand of flame (6)
 d - a wand of enslavement (15)
 e - a wand of random effects (15)
 g - a wand of polymorph (9)
Scrolls
 m - a scroll of blinking {unknown}
 n - a scroll of enchant weapon {unknown}
 p - a scroll of magic mapping {unknown}
 r - a scroll of amnesia {unknown}
Potions
 h - a potion of curing {unknown}
 i - a potion of degeneration {unknown}
 l - 3 potions of lignification {unknown}
 s - a potion of mutation {unknown}
Comestibles
 f - 8 rations


   Skills:
 - Level 0.7 Fighting
 - Level 2.0 Short Blades
 * Level 0.0(1.8) Slings
 - Level 2.6 Throwing
 - Level 3.0 Dodging
 + Level 3.0 Stealth
 - Level 6.1 Evocations


You had 4 spell levels left.
You didn't know any spells.
Your spell library was empty.

Dungeon Overview and Level Annotations

Branches:
Dungeon (4/15)
 Temple: D:4-7

Altars:
Gozag

Shops:
D:3 *


Innate Abilities, Weirdness & Mutations

You are very small and have problems with some larger weapons.
You are too small for most types of armour.
You have supernaturally acute eyesight. (SInv)
You are a herbivore.
You cover ground extremely quickly.
You need to consume almost no food.


Message History

* * * LOW HITPOINT WARNING * * *
You climb downwards.
There is a stone staircase leading up here.
Firing (i - inventory. (/) - cycle)
v - 15 sling bullets (quivered)
Press: ? - help, Shift-Dir - straight line, f - orc wizard
Aim: an orc wizard, wielding a +0 dagger and wearing a +2 robe of magic resistance (fast)
You shoot a sling bullet.
The sling bullet hits the orc wizard but does no damage.
The orc wizard completely misses you. The orc wizard misses you.
Wield which item (- for none, * to show all)? (? for menu, Esc to quit)
a - a +0 short sword (weapon)
You are too injured to fight recklessly!
You are too injured to fight recklessly!
You closely miss the orc wizard.
The orc wizard hits you but does no damage.
The orc wizard completely misses you.
You closely miss the orc wizard.
The orc wizard hits you with a +0 dagger.
You die...
Your body crumbles into a pile of gold.

####
#.@#
##o#
...
#####
$


You could see an orc wizard.

Vanquished Creatures
  An orc wizard (D:2)
  Jessica (D:3)
  4 adders (D:2)
  2 worms (D:2)
  3 dart slugs
  2 leopard geckos
  4 orcs (D:2)
  A ball python (D:1)
  5 bats
  A giant cockroach (D:3)
  7 goblins
  9 hobgoblins
  5 kobolds
  A quokka (D:2)
  11 frilled lizards
  4 rats
61 creatures vanquished.

Notes
Turn   | Place    | Note
-------+----------+-------------------------------------------
     0 | D:1      | MisterOstroum the Spriggan Artificer began the quest for
                  | the Orb.
     0 | D:1      | Reached XP level 1. HP: 9/9 MP: 4/4
    93 | D:1      | Reached XP level 2. HP: 14/14 MP: 6/6
   620 | D:1      | Reached XP level 3. HP: 14/17 MP: 7/7
  1494 | D:2      | Reached skill level 1 in Throwing
  1494 | D:2      | Reached skill level 5 in Evocations
  1494 | D:2      | Reached XP level 4. HP: 2/21 MP: 8/8
  3039 | D:3      | Found Gozag's Platinum Reserve.
  3041 | D:3      | Found an opulent altar of Gozag.
  3053 | D:3      | Noticed Jessica
  3056 | D:3      | Killed Jessica
  3056 | D:3      | Reached skill level 6 in Evocations
  3056 | D:3      | Reached XP level 5. HP: 25/25 MP: 10/10
  3070 | D:3      | Became a worshipper of Gozag Ym Sagoz the Greedy
  3233 | D:3      | HP: 1/25 [orc wizard/+0 dagger (5)]
  3238 | D:4      | Slain by an orc wizard

Skill      XL: |  1  2  3  4 |
---------------+-------------+-----
Stealth        | 2 3 |  3.0
Short Blades   | 2 |  2.0
Throwing       | 1 2 |  2.6
Evocations     | 5 6 |  6.1
Fighting       | |  0.7
Dodging        | |  3.0

Action                   |  1- 3 |  4- 6 || total
-------------------------+-------+-------++-------
Melee: Short sword       |    91 |    56 ||   147
 Fire: Hunting sling     |       |     7 ||     7
Throw: Tomahawk          |    18 |    56 ||    74
       Stone             |    12 |    42 ||    54
Evoke: Wand              |     6 |     3 ||     9
  Use: Scroll            |       |     1 ||     1
 Stab: Sleeping          |     4 |     3 ||     7
Armor: Robe              |     5 |     2 ||     7
Dodge: Dodged            |    69 |    48 ||   117
